[Event "December 19 Early 2023"]
[Site "https://www.chess.com"]
[Date "2023.12.19"]
[Round "11"]
[White "Skibbe, Willi"]
[Black "Tikhonov, Viacheslav"]
[Result "0-1"]
[Board "91"]
[TimeControl "180+1"]
[WhiteFideId "4682190"]
[BlackFideId "44196407"]
[WhiteElo "2378"]
[BlackElo "2209"]
[WhiteTeam "GER"]
[BlackTeam "RUS"]
[WhiteClock "0:01:26"]
[BlackClock "0:01:09"]

1. d4 Nf6 2. c4 g6 3. Nc3 d5 4. Bf4 c6 5. e3 Bg7 6. cxd5 cxd5 7. Nf3 O-O 8. h3 Nc6 9. Be2 a6 10. Rc1 e6 11. Ne5 Nxe5 12. Bxe5 Bd7 13. Qb3 b5 14. a4 bxa4 15. Nxa4 Qa5+ 16. Nc3 Ne4 17. Bxg7 Kxg7 18. O-O Nd2 19. Qb7 Nxf1 20. Qxd7 Nd2 21. Qd6 Rac8 22. Qe5+ Kg8 23. Rd1 Nc4 24. Bxc4 Rxc4 25. h4 Qc7 26. Qf6 h5 27. g4 Qd8 28. Qxd8 Rxd8 29. Ra1 hxg4 30. Rxa6 Rb8 31. Na4 Rc1+ 32. Kg2 Ra1 33. Kg3 Rb4 34. b3 Rxb3 35. Kf4 Rb4 36. Kg5 Rbxa4 37. Rc6 Kg7 0-1

[Event "December 19 Early 2023"]
[Site "https://www.chess.com"]
[Date "2023.12.19"]
[Round "11"]
[White "Borawski, Jakub"]
[Black "Reprintsev, Alexander"]
[Result "1-0"]
[Board "92"]
[TimeControl "180+1"]
[WhiteFideId "1143000"]
[BlackFideId "14100541"]
[WhiteElo "2052"]
[BlackElo "2229"]
[WhiteTeam "POL"]
[BlackTeam "UKR"]
[WhiteClock "0:00:23"]
[BlackClock "0:00:00"]

1. f4 e5 2. fxe5 d6 3. exd6 Bxd6 4. Nf3 Nf6 5. d4 Nc6 6. Bg5 h6 7. Bxf6 Qxf6 8. e4 Bf4 9. Bb5 Bd7 10. Nc3 O-O-O 11. Nd5 Qd6 12. c4 g5 13. e5 Qg6 14. Bxc6 Bxc6 15. Ne7+ Kb8 16. Nxg6 fxg6 17. d5 g4 18. Nd4 Bd7 19. e6 Bc8 20. O-O Be5 21. Kh1 h5 22. Rf7 a6 23. Rc1 g5 24. b4 Bf4 25. Rc2 g3 26. hxg3 Bxg3 27. Qf3 h4 28. Nf5 Be5 29. Qe4 Ba1 30. Rf2 1-0

[Event "December 19 Early 2023"]
[Site "https://www.chess.com"]
[Date "2023.12.19"]
[Round "11"]
[White "Kanyamarala, Tarun"]
[Black "Marinakis, Hristos"]
[Result "1-0"]
[Board "93"]
[TimeControl "180+1"]
[WhiteFideId "45004714"]
[BlackFideId "4294661"]
[WhiteElo "2318"]
[BlackElo "2327"]
[WhiteTeam "IRL"]
[BlackTeam "GRE"]
[WhiteClock "0:00:48"]
[BlackClock "0:00:00"]

1. d4 Nf6 2. c4 e6 3. Bf4 b6 4. a3 Bb7 5. Nc3 Be7 6. Nf3 O-O 7. e3 d5 8. Rc1 c5 9. cxd5 Nxd5 10. Nxd5 Bxd5 11. dxc5 Bxc5 12. Be2 a5 13. O-O Nc6 14. Qc2 a4 15. Ng5 g6 16. Bf3 Qf6 17. Ne4 Bxe4 18. Bxe4 Rfc8 19. Rfd1 Qe7 20. Qe2 Ra7 21. Qb5 Ra5 22. Qd3 Ra7 23. Bd6 Qf6 24. Bxc5 bxc5 25. Rxc5 Rd8 26. Qf1 Rxd1 27. Qxd1 Ne5 28. h3 Rd7 29. Qe2 Kg7 30. f4 Ng4 31. hxg4 1-0

[Event "December 19 Early 2023"]
[Site "https://www.chess.com"]
[Date "2023.12.19"]
[Round "11"]
[White "Vincenti, Leonardo"]
[Black "Puzzlebot_1294"]
[Result "0-1"]
[Board "94"]
[TimeControl "180+1"]
[WhiteFideId "28550820"]
[WhiteElo "2054"]
[BlackElo "2634"]
[WhiteTeam "ITA"]
[WhiteClock "0:00:24"]
[BlackClock "0:01:26"]

1. e4 h6 2. d4 e6 3. Nc3 d5 4. exd5 exd5 5. Bd3 Nf6 6. Nf3 c6 7. O-O Be7 8. h3 O-O 9. Bf4 c5 10. dxc5 Bxc5 11. Ne2 Nc6 12. c3 Re8 13. Ned4 Qb6 14. Qd2 Ne4 15. Qc2 Nxd4 16. cxd4 Bxd4 17. Qa4 Bxf2+ 18. Kh2 Be6 19. Bxe4 dxe4 20. Ne5 Bc5 21. Qxe4 Rad8 22. Nc4 Qb4 23. Rac1 b5 24. a3 Qa4 25. Nd2 Bc4 26. b3 Qxa3 27. Nxc4 Rxe4 28. Nxa3 Bxa3 29. Ra1 Rxf4 30. Rxf4 Bd6 31. g3 Bxf4 32. gxf4 Rd2+ 33. Kg3 Rd3+ 34. Kg4 Rxb3 35. Rxa7 b4 36. Rb7 Rb1 37. Kf5 b3 38. h4 b2 39. h5 Kh7 40. Rb6 Rh1 41. Rxb2 Rxh5+ 42. Kg4 Ra5 43. Rb7 f5+ 44. Kh4 Ra3 45. Rf7 Kg6 46. Rb7 Rf3 47. Rb6+ Kh7 48. Rb4 Rxf4+ 49. Rxf4 g5+ 50. Kg3 gxf4+ 51. Kxf4 Kg6 52. Kf3 Kg5 53. Kg3 f4+ 54. Kf3 Kf5 55. Kf2 Kg4 56. Kg2 f3+ 57. Kf2 Kf4 58. Kf1 Kg3 59. Kg1 f2+ 60. Kf1 h5 61. Ke2 Kg2 62. Ke3 f1=Q 63. Ke4 Qf3+ 64. Ke5 h4 65. Kd6 h3 66. Kc7 h2 67. Kd6 h1=Q 68. Kc7 Qe1 69. Kb6 Qfe2 70. Kc5 Q2d2 71. Kb5 Qb1+ 72. Kc4 Qbc1+ 73. Kb3 Qdb2+ 74. Ka4 Qca1# 0-1

[Event "December 19 Early 2023"]
[Site "https://www.chess.com"]
[Date "2023.12.19"]
[Round "11"]
[White "Kim, Sergey"]
[Black "Porozhnyak, Maya"]
[Result "0-1"]
[Board "95"]
[TimeControl "180+1"]
[WhiteFideId "13700570"]
[BlackFideId "34115843"]
[WhiteElo "2581"]
[BlackElo "1932"]
[WhiteTeam "KAZ"]
[BlackTeam "RUS"]
[WhiteClock "0:00:31"]
[BlackClock "0:00:26"]

1. d4 c5 2. d5 g6 3. c4 Bg7 4. Nc3 Bxc3+ 5. bxc3 Qa5 6. Qd3 f5 7. h4 Nf6 8. h5 Nxh5 9. Nf3 Nf6 10. Bg5 Ne4 11. Qe3 d6 12. Nd2 Nxg5 13. Qxg5 Qxc3 14. Rb1 Na6 15. Rh3 Qf6 16. Qh6 Nb4 17. a3 Nc2+ 18. Kd1 Nd4 19. e3 f4 20. exd4 Bxh3 21. Qxh3 Qxd4 22. Rxb7 Qe5 23. Qd7+ Kf7 24. Nf3 Qf6 25. Qg4 h6 26. Bd3 g5 27. Bf5 Kg7 28. Nh4 Rab8 29. Rxb8 Rxb8 30. Bd3 Qa1+ 31. Ke2 Rb2+ 32. Kf3 Qd1+ 0-1

[Event "December 19 Early 2023"]
[Site "https://www.chess.com"]
[Date "2023.12.19"]
[Round "11"]
[White "Stillger, Bernhard"]
[Black "Aswath, S"]
[Result "0-1"]
[Board "96"]
[TimeControl "180+1"]
[WhiteFideId "4610768"]
[BlackFideId "46694919"]
[WhiteElo "2252"]
[BlackElo "2138"]
[WhiteTeam "GER"]
[BlackTeam "IND"]
[WhiteClock "0:00:23"]
[BlackClock "0:01:28"]

1. Nf3 Nf6 2. g3 g6 3. b3 b6 4. Bb2 Bg7 5. Bg2 Bb7 6. O-O O-O 7. c4 c5 8. d4 cxd4 9. Qxd4 Nc6 10. Qf4 d5 11. Rd1 Qb8 12. Qxb8 Raxb8 13. Na3 Rfd8 14. h3 Nb4 15. Ne5 Nd7 16. Nxd7 Bxb2 17. Nxb8 Bxa3 18. cxd5 Rxb8 19. Rd2 Rd8 20. Rad1 Na6 21. d6 Bxg2 22. dxe7 Re8 23. Rd8 Bc6 24. Rxe8+ Bxe8 25. Rd8 Nc7 26. Rc8 Bd6 27. e4 f6 28. f4 Kf7 29. Kg2 Kxe7 30. h4 Bc6 31. Rh8 Bxe4+ 32. Kh3 h5 33. Rh7+ Ke6 34. Kh2 a5 35. Rg7 Nd5 36. Rg8 Bc5 0-1

[Event "December 19 Early 2023"]
[Site "https://www.chess.com"]
[Date "2023.12.19"]
[Round "11"]
[White "Wanyama, Harold"]
[Black "Fishchuk, Vladyslav"]
[Result "1-0"]
[Board "97"]
[TimeControl "180+1"]
[WhiteFideId "10000380"]
[BlackFideId "34122117"]
[WhiteElo "2228"]
[BlackElo "2055"]
[WhiteTeam "UGA"]
[BlackTeam "UKR"]
[WhiteClock "0:00:19"]
[BlackClock "0:00:08"]

1. d4 Nf6 2. c4 e6 3. g3 d5 4. Bg2 Be7 5. Nf3 O-O 6. O-O c6 7. Qc2 dxc4 8. Qxc4 b5 9. Qc2 Bb7 10. Nbd2 Nbd7 11. e4 c5 12. e5 Nd5 13. dxc5 Nxc5 14. a3 a5 15. Ne4 Rc8 16. Neg5 g6 17. Qe2 Qb6 18. Nd4 Na4 19. Qg4 Rxc1 20. Raxc1 Bxg5 21. Qxg5 Qxd4 22. Rfd1 Qxb2 23. Rb1 Qc2 24. Rdc1 Qe2 25. Re1 Qd3 26. Bf1 Qxa3 27. Rxb5 Bc6 28. Rxa5 Qb4 29. Rxa4 Bxa4 30. Rc1 Bb3 31. h4 h5 32. Be2 Qe4 33. Bxh5 Nb4 34. Bg4 Bd5 35. f3 Qd4+ 36. Kh2 Nd3 37. Rc2 Qxe5 38. Qh6 Ne1 39. Rf2 Qe3 40. Qxe3 1-0

[Event "December 19 Early 2023"]
[Site "https://www.chess.com"]
[Date "2023.12.19"]
[Round "11"]
[White "Matveeva, Olga"]
[Black "Dinu, Dumitru-Daniel"]
[Result "0-1"]
[Board "98"]
[TimeControl "180+1"]
[WhiteFideId "24107018"]
[BlackFideId "1208403"]
[WhiteElo "1883"]
[BlackElo "2240"]
[WhiteTeam "RUS"]
[BlackTeam "ROU"]
[WhiteClock "0:00:02"]
[BlackClock "0:00:08"]

1. d4 Nf6 2. c4 e6 3. g3 c5 4. d5 exd5 5. cxd5 d6 6. Nc3 g6 7. Bg2 Bg7 8. Nf3 O-O 9. O-O Re8 10. Nd2 Nbd7 11. h3 a6 12. a4 Rb8 13. Nc4 Ne5 14. Na3 b5 15. axb5 axb5 16. Naxb5 Qb6 17. e4 Ba6 18. Rxa6 Qxa6 19. Nc7 Qb6 20. Nxe8 Nxe8 21. Qa4 Nd3 22. Be3 Nxb2 23. Qc2 Nc4 24. Rb1 Qd8 25. Rxb8 Qxb8 26. Bf4 Bd4 27. Ne2 Na3 28. Qa2 Qb2 29. Qxb2 Bxb2 30. Bf1 c4 31. Bc1 c3 32. f4 Nf6 33. e5 dxe5 34. d6 exf4 35. gxf4 Nd7 36. Bg2 Nc4 37. Bc6 Ncb6 38. Kf2 Kg7 39. Ke3 Kf6 40. Ke4 Ke6 41. Nd4+ Kxd6 42. Bxd7 Nxd7 43. Be3 Nc5+ 44. Kf3 Kd5 45. Nc2 Kc4 46. f5 gxf5 47. Kf4 Nd3+ 48. Kxf5 Kb3 49. Nd4+ Ka2 50. Kf6 c2 51. Kxf7 Bxd4 52. Bd2 Bc3 53. Be3 Bb2 54. h4 Bc1 55. Bd4 Bd2 0-1

[Event "December 19 Early 2023"]
[Site "https://www.chess.com"]
[Date "2023.12.19"]
[Round "11"]
[White "Czerw, Dawid"]
[Black "Santos, Rafael Ventura Dos"]
[Result "0-1"]
[Board "100"]
[TimeControl "180+1"]
[WhiteFideId "1145746"]
[BlackFideId "2122227"]
[WhiteElo "2144"]
[BlackElo "2138"]
[WhiteTeam "POL"]
[BlackTeam "BRA"]
[WhiteClock "0:02:36"]
[BlackClock "0:01:13"]

1. e4 c5 2. Nf3 d6 3. d4 cxd4 4. Nxd4 Nf6 5. Nc3 a6 6. h4 e5 7. Nb3 h6 8. Be2 Be6 9. f4 Qc7 10. f5 Bc8 11. g4 b5 12. Rg1 Bb7 13. Bf3 b4 14. Nd5 Nxd5 15. exd5 Nd7 16. Qe2 a5 17. Be3 a4 18. Nc1 Ba6 19. Nd3 Be7 20. Qg2 a3 21. bxa3 bxa3 22. Qd2 Rb8 23. Nb4 Bxh4+ 24. Kd1 Bb5 25. Rb1 Nc5 26. Bxc5 Qxc5 27. Rh1 Bg5 28. Qg2 Qd4+ 29. Nd3 O-O 30. Rb4 Bxd3 31. Rxd4 Rb1# 0-1

[Event "December 19 Early 2023"]
[Site "https://www.chess.com"]
[Date "2023.12.19"]
[Round "11"]
[White "Mazurkiewicz, Michal"]
[Black "Martin Barcelo, Carles"]
[Result "1-0"]
[Board "101"]
[TimeControl "180+1"]
[WhiteFideId "1124943"]
[BlackFideId "24561444"]
[WhiteElo "2103"]
[BlackElo "2135"]
[WhiteTeam "POL"]
[BlackTeam "ESP"]
[WhiteClock "0:00:10"]
[BlackClock "0:00:03"]

1. e4 e5 2. Nf3 Nf6 3. d3 Nc6 4. g3 Bc5 5. Bg2 O-O 6. O-O h6 7. Nxe5 Nxe5 8. d4 Bd6 9. dxe5 Bxe5 10. f4 Bd6 11. e5 Bc5+ 12. Kh1 Ne8 13. Nc3 d6 14. Ne4 Bb6 15. exd6 Nxd6 16. Nxd6 Qxd6 17. Qxd6 cxd6 18. Bd2 Bf5 19. c3 Rab8 20. Rfe1 Rfd8 21. Be3 Bxe3 22. Rxe3 b6 23. Rae1 Kf8 24. Kg1 Bd7 25. Rd3 Bf5 26. Rd4 Rbc8 27. Kf2 Rc7 28. Bf3 Bc8 29. a4 Bb7 30. Bxb7 Rxb7 31. Rd5 g6 32. Red1 Ke7 33. Ke3 Rc7 34. Kd4 Kd7 35. a5 bxa5 36. Rxa5 Rb8 37. b4 Rbc8 38. Rd3 Ke6 39. Re3+ Kf6 40. Ra3 g5 41. fxg5+ hxg5 42. Kd5 Rh8 43. Kxd6 Rcc8 44. Rf3+ Kg6 45. Rxa7 f6 46. Rc7 Rhd8+ 47. Kc6 Rb8 48. b5 Re8 49. c4 g4 50. Rf4 f5 51. Rd7 Re6+ 52. Rd6 Kf6 53. Rxe6+ Kxe6 54. c5 Rc8+ 55. Kb6 Rb8+ 56. Ka6 Rc8 57. c6 Kd6 58. Rxf5 Ra8+ 59. Kb6 Rb8+ 60. Ka5 Ra8+ 61. Kb4 Ra1 62. Rf6+ Kc7 63. Rf7+ Kd6 64. Rd7+ Ke6 65. b6 Rb1+ 66. Kc5 Rc1+ 67. Kb5 Rb1+ 68. Ka6 Ra1+ 69. Kb7 Ra2 70. Rd3 Rxh2 71. c7 Rc2 72. c8=Q+ 1-0

[Event "December 19 Early 2023"]
[Site "https://www.chess.com"]
[Date "2023.12.19"]
[Round "11"]
[White "Joel Paul Ganta"]
[Black "Hrebenshchykova, Yelyzaveta"]
[Result "0-1"]
[Board "102"]
[TimeControl "180+1"]
[WhiteFideId "35066145"]
[BlackFideId "14159899"]
[WhiteElo "1891"]
[BlackElo "2045"]
[WhiteTeam "IND"]
[BlackTeam "UKR"]
[WhiteClock "0:01:06"]
[BlackClock "0:00:16"]

1. e4 e5 2. Nf3 Nc6 3. Bb5 a6 4. Ba4 Nf6 5. O-O Be7 6. c3 Nxe4 7. Re1 Nf6 8. Nxe5 Nxe5 9. Rxe5 O-O 10. d4 d5 11. Bc2 Bd6 12. Re1 h6 13. h3 Bd7 14. Qf3 Re8 15. Rxe8+ Bxe8 16. Nd2 Bd7 17. Nf1 c6 18. Ne3 Bf8 19. Nf5 Bxf5 20. Qxf5 Qe7 21. Bf4 g6 22. Qe5 Re8 23. Re1 Qd8 24. Re3 Rxe5 25. dxe5 Nh5 26. Bh2 Qg5 27. Kf1 Nf4 28. Bg3 Ne6 29. h4 Qd8 30. f4 Bc5 31. Rf3 Ng7 32. f5 gxf5 33. Bxf5 Nxf5 34. Rxf5 d4 35. e6 fxe6 36. Rxc5 Qf8+ 0-1

[Event "December 19 Early 2023"]
[Site "https://www.chess.com"]
[Date "2023.12.19"]
[Round "11"]
[White "Tarasova, Viktoriya"]
[Black "Mohammadi, Melika"]
[Result "1/2-1/2"]
[Board "103"]
[TimeControl "180+1"]
[WhiteFideId "4175840"]
[BlackFideId "42529271"]
[WhiteElo "2182"]
[BlackElo "1901"]
[WhiteTeam "RUS"]
[BlackTeam "IRI"]
[WhiteClock "0:00:36"]
[BlackClock "0:00:04"]

1. d4 d5 2. c4 e6 3. Nc3 Nf6 4. cxd5 exd5 5. Bg5 Bb4 6. Qc2 h6 7. Bh4 g5 8. Bg3 Ne4 9. e3 h5 10. Bd3 h4 11. Be5 f6 12. Bxe4 dxe4 13. Qxe4 fxe5 14. Qxe5+ Kf7 15. Ne2 Nc6 16. Qe4 Qe7 17. Qd3 Kg7 18. d5 Ne5 19. Qd4 Bc5 20. Qe4 Rf8 21. O-O Bf5 22. Qa4 a6 23. Nd4 Bxd4 24. Qxd4 Qf6 25. Qd2 h3 26. f4 gxf4 27. Rxf4 Ng6 28. Rf2 Qg5 29. Raf1 Rae8 30. Qd4+ Kg8 31. e4 Bd7 32. g3 Rxf2 33. Rxf2 Rf8 34. Rxf8+ Nxf8 35. e5 Qc1+ 36. Nd1 Be8 37. Kf2 Bh5 38. g4 Bg6 39. Ne3 Qh1 40. Qf4 Qc1 41. e6 Qxb2+ 42. Kg3 Qg7 43. Qg5 c6 44. Qd8 cxd5 45. e7 Be8 46. exf8=Q+ Qxf8 47. Qxd5+ Bf7 48. Qg5+ Qg7 49. Qd8+ Qf8 50. Qg5+ Qg7 51. Qd8+ Qf8 52. Qg5+ 1/2-1/2

[Event "December 19 Early 2023"]
[Site "https://www.chess.com"]
[Date "2023.12.19"]
[Round "11"]
[White "Martin, Lewis"]
[Black "Dmitrenko, Viktor"]
[Result "1-0"]
[Board "104"]
[TimeControl "180+1"]
[WhiteFideId "410551"]
[BlackFideId "14110270"]
[WhiteElo "2145"]
[BlackElo "2292"]
[WhiteTeam "ENG"]
[BlackTeam "UKR"]
[WhiteClock "0:00:19"]
[BlackClock "0:00:00"]

1. c4 c5 2. g3 g6 3. Bg2 Bg7 4. Nc3 Nc6 5. e4 e5 6. Nge2 d6 7. O-O Nge7 8. Rb1 O-O 9. a3 Be6 10. d3 Qd7 11. b4 b6 12. Be3 Nd4 13. Nd5 Rac8 14. Qd2 f5 15. Nxe7+ Qxe7 16. exf5 Bxf5 17. bxc5 bxc5 18. Rb7 Rc7 19. Rfb1 Bg4 20. Nxd4 exd4 21. Bg5 Qd7 22. Qa5 Rxb7 23. Rxb7 Qf5 24. Bf4 g5 25. Qc7 Qf6 26. Bd5+ Kh8 27. Qxg7+ Qxg7 28. Rxg7 Kxg7 29. Bxd6 Rc8 30. Bb7 Re8 31. Bxc5 Bh3 32. Bxd4+ Kf8 33. f4 gxf4 34. gxf4 Bf5 35. c5 Bxd3 36. c6 Be4 37. Bxa7 Re6 38. Bc5+ Ke8 39. Kf2 Bxc6 40. f5 Rf6 41. Bc8 Bd7 42. Bxd7+ Kxd7 43. Bb4 Rxf5+ 44. Kg3 Ke6 45. Kg4 h5+ 46. Kg3 Kd5 47. Kh3 Ke4 48. Kg3 Kd3 49. Be7 Ke2 50. Bb4 Kf1 51. Be7 1-0

[Event "December 19 Early 2023"]
[Site "https://www.chess.com"]
[Date "2023.12.19"]
[Round "11"]
[White "Guimaraes, Wagner Peixoto"]
[Black "Lacasa Diaz, Josep Anton"]
[Result "1-0"]
[Board "105"]
[TimeControl "180+1"]
[WhiteFideId "2100940"]
[BlackFideId "2203375"]
[WhiteElo "2140"]
[BlackElo "2338"]
[WhiteTeam "BRA"]
[BlackTeam "ESP"]
[WhiteClock "0:01:00"]
[BlackClock "0:00:49"]

1. d4 Nf6 2. c4 c5 3. d5 g6 4. Nc3 Bg7 5. e4 O-O 6. Nf3 d6 7. h3 Nbd7 8. Be2 Re8 9. O-O a6 10. a4 e5 11. dxe6 Rxe6 12. Ng5 Re8 13. Qxd6 h6 14. Nf3 Nxe4 15. Nxe4 Rxe4 16. Be3 Qe7 17. Qxe7 Rxe7 18. Rab1 a5 19. Rfd1 b6 20. Rd6 Rb8 21. b3 Bb7 22. Rbd1 Nf8 23. Rxb6 Bxf3 24. Rxb8 Bxe2 25. Rdd8 Rc7 26. Bf4 Rc6 27. Bd6 1-0

[Event "December 19 Early 2023"]
[Site "https://www.chess.com"]
[Date "2023.12.19"]
[Round "11"]
[White "Obon Temprano, Sergi"]
[Black "Begunov, Konstantin"]
[Result "1-0"]
[Board "106"]
[TimeControl "180+1"]
[WhiteFideId "2226545"]
[BlackFideId "4118510"]
[WhiteElo "2135"]
[BlackElo "2082"]
[WhiteTeam "ESP"]
[BlackTeam "RUS"]
[WhiteClock "0:00:40"]
[BlackClock "0:00:00"]

1. d4 d5 2. Nf3 c6 3. e3 Bg4 4. Be2 e6 5. Nbd2 Nf6 6. b3 Bd6 7. Bb2 O-O 8. h3 Bh5 9. O-O c5 10. Ne5 Bxe2 11. Qxe2 Nc6 12. f4 cxd4 13. exd4 Rc8 14. a3 Qe7 15. c4 dxc4 16. bxc4 Rfd8 17. Rfd1 Bb8 18. Ne4 Nxe5 19. Nxf6+ gxf6 20. dxe5 f5 21. Kh2 Rxd1 22. Rxd1 Rd8 23. Bc3 Rxd1 24. Qxd1 Bc7 25. Bb4 Qd8 26. Bd6 Qd7 27. Qd4 Bb6 28. c5 Bd8 29. Qd3 Kh8 30. Qf3 Qc6 31. Qh5 Kg7 32. Qe2 Qe4 33. Qf2 h5 34. Qg3+ Kh7 35. Bf8 1-0

[Event "December 19 Early 2023"]
[Site "https://www.chess.com"]
[Date "2023.12.19"]
[Round "11"]
[White "Kotlyar, Kirill"]
[Black "Serra Canals, Oriol"]
[Result "1-0"]
[Board "107"]
[TimeControl "180+1"]
[WhiteFideId "24145599"]
[BlackFideId "22276084"]
[WhiteElo "2397"]
[BlackElo "2108"]
[WhiteTeam "RUS"]
[BlackTeam "ESP"]
[WhiteClock "0:00:32"]
[BlackClock "0:00:02"]

1. e4 e6 2. Nf3 d5 3. Nc3 Nf6 4. e5 Nfd7 5. d4 c5 6. dxc5 Bxc5 7. Bf4 Nc6 8. Bd3 a6 9. O-O b5 10. Qe2 Be7 11. h3 Nc5 12. Rad1 Nxd3 13. Qxd3 Bb7 14. Ne2 Rc8 15. c3 Qb6 16. Be3 Bc5 17. Ned4 Bxd4 18. Bxd4 Qd8 19. Qe3 Na5 20. b3 Nc6 21. Bc5 Ne7 22. b4 O-O 23. Nd4 Re8 24. f4 g6 25. Rde1 Nf5 26. Qd3 Qh4 27. Nxf5 gxf5 28. Re3 Kh8 29. Kh2 Rg8 30. g3 Qh5 31. Be7 Rg6 32. Bf6+ Kg8 33. Bg5 Rxg5 34. fxg5 Qxg5 35. Rf4 Kh8 36. Qd4 Rc4 37. Qd2 Rxf4 38. gxf4 Qxf4+ 39. Kg1 Qg5+ 40. Kf1 f4 41. Rf3 d4 42. Qxf4 Qxf4 43. Rxf4 dxc3 44. Ke2 Kg7 45. Kd3 Bd5 46. a3 c2 47. Kxc2 h5 48. h4 Kg6 49. Rf6+ Kg7 50. Kc3 Bc4 51. Kd4 Bd5 52. Kc5 Bc4 53. Kb6 Bd3 54. Kxa6 Bc4 55. Kb6 Bd3 56. Kc7 Bc4 57. Kd8 Bd3 58. Ke7 Bg6 59. Kd6 Bd3 60. Kc5 Be2 61. Kb6 Bd3 62. Ka5 Bc4 63. a4 bxa4 64. Kxa4 Kf8 65. Ka5 Ke7 66. b5 Bd3 67. Ka6 Ke8 68. Kb6 Ke7 69. Kc6 Be4+ 70. Kc7 Bd5 71. b6 Be4 72. b7 Bxb7 73. Kxb7 Ke8 74. Rh6 Ke7 75. Rxh5 Kf8 76. Rg5 Ke7 77. h5 Kf8 78. h6 f6 79. exf6 Kf7 80. h7 Kxf6 81. Rg8 e5 82. h8=Q+ Kf7 83. Qg7+ 1-0

[Event "December 19 Early 2023"]
[Site "https://www.chess.com"]
[Date "2023.12.19"]
[Round "11"]
[White "Sadovsky, Artem"]
[Black "Limontaite, Simona"]
[Result "1-0"]
[Board "108"]
[TimeControl "180+1"]
[WhiteFideId "4155840"]
[BlackFideId "12802506"]
[WhiteElo "2314"]
[BlackElo "2092"]
[WhiteTeam "FID"]
[BlackTeam "LTU"]
[WhiteClock "0:00:04"]
[BlackClock "0:00:00"]

1. Nf3 Nf6 2. e3 e6 3. b3 b6 4. Bb2 Bb7 5. Be2 Be7 6. O-O O-O 7. c4 d6 8. d4 Nbd7 9. Nc3 Re8 10. Qc2 Bf8 11. Rad1 g6 12. e4 Qe7 13. Rfe1 Bg7 14. Bf1 e5 15. Nd5 Nxd5 16. exd5 f6 17. dxe5 fxe5 18. Nd4 Nf8 19. g3 Qf7 20. Nc6 Bxc6 21. dxc6 Kh8 22. Bg2 Ne6 23. Bd5 Qf5 24. Qxf5 gxf5 25. f4 e4 26. Bxg7+ Kxg7 27. Bxe6 Rxe6 28. Rd5 Rf8 29. Kf2 Rff6 30. Ke3 Kf7 31. Re2 Ke7 32. a4 a5 33. Rb2 Rf7 34. b4 axb4 35. Rxb4 Rh6 36. Rb2 Ke6 37. a5 bxa5 38. Rxa5 Rg6 39. Kd4 h5 40. Rb8 h4 41. Re8+ Kf6 42. gxh4 Rh6 43. Kd5 Rxh4 44. Re6+ Kg7 45. Ra7 Rxf4 46. Rxd6 e3 47. Rd7 e2 48. Raxc7 e1=Q 49. Rxf7+ Kg6 50. Rg7+ Kh5 51. Rh7+ Kg4 52. Rcg7+ Kf3 53. c7 Qe4+ 54. Kd6 Qxc4 55. Rg3+ Kf2 56. Ke5 Re4+ 57. Kxf5 Qd5+ 58. Kf6 Re6+ 59. Kg7 Qd7+ 60. Kh8 Qd4+ 61. Rhg7 Re8+ 62. Kh7 Qh4+ 63. Kg6 Qe4+ 64. Kg5 Qe5+ 65. Kg4 Rc8 66. Rf7+ Ke2 67. Rg2+ Kd3 68. Rg3+ Kc4 69. Rf4+ Kd5 70. Rd3+ Ke6 71. Kf3 Qxc7 72. Re3+ Kd5 73. Rf5+ Kd6 74. Rf6+ Kc5 75. Rc3+ Kd4 76. Rxc7 Rxc7 77. h4 Rh7 78. Kg4 Ke5 79. Rg6 Rh8 80. h5 Rh7 81. h6 Rh8 82. Kg5 Rh7 83. Rg7 Rh8 84. Kg6 Ke6 85. h7 1-0

[Event "December 19 Early 2023"]
[Site "https://www.chess.com"]
[Date "2023.12.19"]
[Round "11"]
[White "Krzywda, Andrzej"]
[Black "Himanshu, Sharma"]
[Result "1-0"]
[Board "109"]
[TimeControl "180+1"]
[WhiteFideId "1114565"]
[BlackFideId "5007836"]
[WhiteElo "2130"]
[BlackElo "2307"]
[WhiteTeam "POL"]
[BlackTeam "IND"]
[WhiteClock "0:01:43"]
[BlackClock "0:00:58"]

1. e4 Nf6 2. e5 Nd5 3. d4 Nb6 4. f4 d6 5. c4 g6 6. Nc3 Bg7 7. Be3 O-O 8. Nf3 Bg4 9. Be2 dxe5 10. dxe5 Nc6 11. b3 f6 12. c5 Nd7 13. Bc4+ Kh8 14. e6 Ndb8 15. O-O f5 16. Rc1 Bxf3 17. Qxf3 Nd4 18. Qf2 Nbc6 19. Rfd1 b6 20. Bd5 Qe8 21. Bxd4 Nxd4 22. Rxd4 Bxd4 23. Qxd4+ Kg8 24. Bxa8 Qxa8 25. Nd5 Qd8 26. cxb6 cxb6 27. Rc7 Re8 28. Nxe7+ Kf8 29. Qh8# 1-0

[Event "December 19 Early 2023"]
[Site "https://www.chess.com"]
[Date "2023.12.19"]
[Round "11"]
[White "Herman, Daniel"]
[Black "Viskelis, Darius"]
[Result "0-1"]
[Board "110"]
[TimeControl "180+1"]
[WhiteFideId "30935008"]
[BlackFideId "12800830"]
[WhiteElo "1897"]
[BlackElo "1860"]
[WhiteTeam "USA"]
[BlackTeam "LTU"]
[WhiteClock "0:00:00"]
[BlackClock "0:00:41"]

1. d4 d5 2. c4 e6 3. Nc3 c5 4. cxd5 cxd4 5. Qxd4 Nc6 6. Qa4 exd5 7. e3 d4 8. exd4 Qxd4 9. Qxd4 Nxd4 10. Bd3 Be6 11. Be3 O-O-O 12. O-O-O Nf6 13. Nge2 Nxe2+ 14. Bxe2 Bb4 15. Bxa7 Bxc3 16. bxc3 Ne4 17. Kb2 Kc7 18. Bd4 Rhe8 19. Rhe1 f6 20. Bb5 Bd7 21. Bxd7 Rxd7 22. f3 Nd6 23. Rxe8 Nxe8 24. Bb6+ Kc6 25. Rxd7 Kxd7 26. Bc5 Kc6 27. Bf8 g6 28. Kb3 Nc7 29. c4 Ne6 30. Be7 f5 31. Kc3 Nf4 32. g3 Ne2+ 33. Kd2 Nd4 34. Ke3 Nc2+ 35. Kd3 Ne1+ 36. Ke2 Nc2 37. g4 Kd7 38. Bc5 Kc6 39. Bf8 fxg4 40. fxg4 h5 41. gxh5 gxh5 42. Kf3 Kd7 43. Kg3 Ne3 44. c5 Ke8 45. Bd6 Kf7 46. Kf4 Ng4 47. h3 Nf2 48. h4 Kg6 49. a4 Nd3+ 50. Ke4 Nb2 0-1

[Event "December 19 Early 2023"]
[Site "https://www.chess.com"]
[Date "2023.12.19"]
[Round "11"]
[White "Korol, Dimitry"]
[Black "Novak, Ratko"]
[Result "1-0"]
[Board "111"]
[TimeControl "180+1"]
[WhiteFideId "14108003"]
[BlackFideId "14511827"]
[WhiteElo "2262"]
[BlackElo "2036"]
[WhiteTeam "UKR"]
[BlackTeam "CRO"]
[WhiteClock "0:00:15"]
[BlackClock "0:00:28"]

1. d4 d5 2. c4 c5 3. Nc3 dxc4 4. Nf3 cxd4 5. Qxd4 Bd7 6. Qxc4 Nc6 7. e4 Rc8 8. Qb3 Na5 9. Qc2 f6 10. Be2 e5 11. O-O Bb4 12. Rd1 Ne7 13. Be3 Bxc3 14. bxc3 Qc7 15. Rab1 b6 16. Ba6 Qxc3 17. Qe2 Rd8 18. Rbc1 Qa3 19. Rc7 Qa4 20. Rdxd7 Rxd7 21. Bb5 Qxb5 22. Qxb5 Nec6 23. Rxd7 Kxd7 24. Qd5+ Ke7 25. h3 Rd8 26. Qb5 g6 27. Bd2 Rd7 28. Bxa5 Nxa5 29. Qb4+ Kf7 30. Qb5 Rc7 31. Qd5+ Kg7 32. Qd6 Rf7 33. g4 Nc4 34. Qe6 Na5 35. g5 fxg5 36. Nxg5 Rb7 37. Qxe5+ Kh6 38. Ne6 Rf7 39. Qg5# 1-0

[Event "December 19 Early 2023"]
[Site "https://www.chess.com"]
[Date "2023.12.19"]
[Round "11"]
[White "Recuero Guerra, Javier"]
[Black "Balla, Tamas-Kristof"]
[Result "0-1"]
[Board "112"]
[TimeControl "180+1"]
[WhiteFideId "2254085"]
[BlackFideId "1208497"]
[WhiteElo "2208"]
[BlackElo "2306"]
[WhiteTeam "ESP"]
[BlackTeam "ROU"]
[WhiteClock "0:00:00"]
[BlackClock "0:01:45"]

1. e4 c5 2. c3 Nf6 3. e5 Nd5 4. d4 cxd4 5. cxd4 Nc6 6. Bc4 Nb6 7. Bb3 d5 8. Nf3 Bg4 9. Be3 e6 10. h3 Bh5 11. O-O Be7 12. Nbd2 O-O 13. Bc2 Rc8 14. a3 Na5 15. b4 Nac4 16. Nxc4 Nxc4 17. Bd3 h6 18. Be2 b5 19. Ra2 a6 20. Nd2 Bxe2 21. Qxe2 f6 22. exf6 Bxf6 23. Nb3 Qe8 24. Nc5 Rc6 25. Qg4 Kh8 26. Qg3 a5 27. Rd1 Qh5 28. Kh2 Qxd1 0-1